 Dungeon Sprint DCSS version 0.28-a0-1374-ga75cb3825e (webtiles) character file.

Game seed: 7885981135489419965

1960 mhtbhm the Protected (level 9, -2/62 HPs)
             Began as a Gargoyle Fighter on Jan 1, 2022.
             Was a Priest of Okawaru.
             Slain by Erolcha (29 damage)
             ... in the Dungeon (Sprint III: "The Ten Rune Challenge").
             The game lasted 00:03:00 (2557 turns).

mhtbhm the Protected (Gargoyle Fighter)             Turns: 2557, Time: 00:03:00

Health: -2/62      AC: 15    Str: 23    XL:     9   Next: 19%
Magic:  9/11       EV: 11    Int: 10    God:    Okawaru [***...]
Gold:   55         SH:  5    Dex:  9    Spells: 8/8 levels left

rFire   . . .      SeeInvis .   a - +0 flail
rCold   . . .      Faith    .   c - +0 buckler
rNeg    + . .      Spirit   .   b - +0 scale mail
rPois   ∞          Reflect  .   (helmet restricted)
rElec   +          Harm     .   (no cloak)
rCorr   .          Rampage  .   (no gloves)
Will    .....      NoTele   +   (no boots)
Stlth   ..........              (no amulet)
HPRegen 0.20/turn               (no ring)
MPRegen 0.12/turn               (no ring)

@: mighty
A: sickness immunity, AC +6, negative energy resistance 1, electricity
resistance, torment resistance 1, petrification resistance, hooves 1, horns 1,
high mp 1, sense surroundings 1
a: Renounce Religion, Heroism


You were in the Dungeon.
You worshipped Okawaru.
Okawaru was most pleased with you.
You visited 1 branch You collected 55 gold pieces.

Inventory:

Hand Weapons
 a - a +0 flail (weapon)
Armour
 b - a +0 scale mail (worn)
 c - a +0 buckler (worn)
Scrolls
 j - a scroll of blinking
 l - a scroll of holy word {unknown}
 m - 3 scrolls of identify {unknown}
 o - a scroll of torment {unknown}
 p - a scroll of enchant armour {unknown}
Potions
 g - a potion of haste
 h - 2 potions of magic
 k - 2 potions of lignification {unknown}
 n - a potion of flight {unknown}
 q - a potion of degeneration {unknown}
Miscellaneous
 e - a phantom mirror


   Skills:
 + Level 10.1 Fighting
 + Level 11.1 Maces & Flails
 + Level 12.8 Armour
 + Level 3.6 Dodging
 - Level 2.5 Stealth
 + Level 9.1 Shields
 * Level 2.1 Invocations


You had 8 spell levels left.
You didn't know any spells.
Your spell library contained the following spells:

 Spells                   Type           Power      Damage    Failure   Level
 Gell's Gravitas          Tloc           0%         N/A       92%         3
 Lesser Beckoning         Tloc           0%         N/A       92%         3
 Teleport Other           Tloc           0%         N/A       92%         3


Dungeon Overview and Level Annotations

Branches:
Dungeon (1/1)

Altars:
Cheibriados
Dithmenos
Elyvilon
Fedhas
Gozag
Hepliaklqana
Kikubaaqudgha
Makhleb
Nemelex Xobeh
Okawaru
Qazlal
Ru
Sif Muna
Trog
Uskayaw
Vehumet
Wu Jian
Xom
Yredelemnul
Zin
The Shining One
Beogh
Jiyva
Lugonu

Annotations:
D Erolcha


Innate Abilities, Weirdness & Mutations

You are immune to sickness and miasma.
Your stone body is resilient. (AC +6)
You are immune to poison.
You resist negative energy. (rN+)
You are resistant to electric shocks. (rElec)
You are resistant to unholy torment.
You are immune to petrification.
You have large cloven feet.
You have a pair of small horns on your head.
You have an increased reservoir of magic. (+10% MP)
You passively map a small area around you.


Message History

Erolcha hits you with a +0 giant club!
You barely miss Erolcha. Your kick misses Erolcha.
Erolcha casts a spell.
Erolcha flickers and vanishes!
Deactivating autopickup; reactivate with Ctrl-A.
No target in view!
No target in view!
No target in view!
No target in view!
No target in view!
No target in view!
No target in view!
You feel very mighty all of a sudden.
You hear some strange, mumbled words.
You bludgeon the two-headed ogre!! You kick the two-headed ogre.
The two-headed ogre is moderately wounded.
You block the two-headed ogre's attack. The two-headed ogre barely misses you.
You hit the two-headed ogre.
The two-headed ogre is moderately wounded.
You block the two-headed ogre's attack.
The two-headed ogre completely misses you.
You sock the two-headed ogre! Your kick misses the two-headed ogre.
You headbutt the two-headed ogre!
The two-headed ogre is severely wounded.
The two-headed ogre hits you with a +0 giant club!!
You block the two-headed ogre's attack.
You thump the two-headed ogre!
The two-headed ogre is almost dead.
You thump the two-headed ogre!
You kill the two-headed ogre!
Okawaru accepts your kill.
Your Fighting skill increases to level 10!
Your Maces & Flails skill increases to level 11!
Your Invocations skill gained 2 levels and is now at level 2!
Unknown command.
Something completely misses you.
Things that are here:
a +0 giant club; a +0 giant club You bludgeon something!!
Your kick misses something. Something hits you!!
You die...

#)_# ,, ≈ #'## ,,, ,, ,
...#,, , , , ,* ≈ ≈
...#, , ∩ * + , * ,, ,
##'# * * * ** **
...#+##############* * *
...#....#.#)#.....# ,,
...##.#..#.##.###.#,
...'##.#.#)##.#.@## ,
...#.).#..#..##..'^.....
▓▓▓▓▓▓▓▓▓▓▓▓▓▓▓▓▓#......
,, , ,, ≈ *...... *≈ ≈
^..... * * ** ...^^ *
#### * * * * * * * , * ,
*≈ ≈ * ,


There were no monsters in sight!

Vanquished Creatures
  A deep elf pyromancer (D)
  A shadow (D)
  A spatial vortex (D)
  A necrophage (D)
  5 two-headed ogres (D)
  A water elemental (D)
  A jelly (D)
  Jessica (D)
  A wizard (D)
  A necromancer (D)
  A kobold demonologist (D)
  3 humans (D)
  A phantom (D)
  An endoplasm (D)
  2 rats (D)
22 creatures vanquished.

Notes
Turn   | Place    | Note
-------+----------+-------------------------------------------
     0 | D        | mhtbhm the Gargoyle Fighter began the quest for the Orb.
     0 | D        | Reached XP level 1. HP: 14/14 MP: 1/1
   102 | D        | Noticed Jessica
   106 | D        | Killed Jessica
   107 | D        | Reached skill level 4 in Armour
   107 | D        | Reached XP level 2. HP: 11/20 MP: 2/2
   107 | D        | Reached XP level 3. HP: 14/25 MP: 3/3
   258 | D        | Reached skill level 5 in Fighting
   258 | D        | Reached skill level 5 in Armour
   258 | D        | Reached skill level 5 in Shields
   301 | D        | Gained mutation: You are partially covered in iridescent
                  | scales. (AC +2) [potion of mutation]
   301 | D        | Gained mutation: You sometimes lose the ability to read
                  | scrolls when taking damage. [potion of mutation]
   301 | D        | Gained mutation: You are agile. (Dex +2) [potion of
                  | mutation]
   304 | D        | Lost mutation: You sometimes lose the ability to read
                  | scrolls when taking damage. [potion of mutation]
   304 | D        | Lost mutation: You are agile. (Dex +2) [potion of mutation]
   304 | D        | Gained mutation: You sometimes lose the ability to read
                  | scrolls when taking damage. [potion of mutation]
   304 | D        | Gained mutation: You have hidden genetic potential. [potion
                  | of mutation]
   305 | D        | Lost mutation: You are partially covered in iridescent
                  | scales. (AC +2) [potion of mutation]
   305 | D        | Lost mutation: You sometimes lose the ability to read
                  | scrolls when taking damage. [potion of mutation]
   305 | D        | Gained mutation: You passively map a small area around you.
                  | [potion of mutation]
   305 | D        | Gained mutation: You have a pair of small horns on your
                  | head. [potion of mutation]
   320 | D        | Noticed a water elemental
   332 | D        | Killed a water elemental
   333 | D        | Reached skill level 6 in Armour
   333 | D        | Reached XP level 4. HP: 12/32 MP: 4/4
   350 | D        | Gained mutation: You have an increased reservoir of magic.
                  | (+10% MP) [hidden potential]
   529 | D        | Found a hide-covered altar of Uskayaw.
   529 | D        | Found an iron altar of Okawaru.
   529 | D        | Found a bloodstained altar of Trog.
   529 | D        | Found an ornate altar of the Wu Jian Council.
   529 | D        | Noticed a human
   529 | D        | Noticed a human
   545 | D        | Killed a human
   546 | D        | Reached skill level 5 in Maces & Flails
   546 | D        | Reached skill level 8 in Armour
   546 | D        | Reached XP level 5. HP: 8/38 MP: 5/5
   546 | D        | Reached XP level 6. HP: 10/44 MP: 6/6
   551 | D        | Killed a human
   552 | D        | Reached skill level 9 in Armour
   552 | D        | Reached skill level 1 in Dodging
   562 | D        | Gained mutation: You have large cloven feet. [hidden
                  | potential]
   562 | D        | Lost mutation: You have hidden genetic potential. [hidden
                  | potential expressed]
   565 | D        | Became a worshipper of Warmaster Okawaru
   815 | D        | Found a radiant altar of Vehumet.
   815 | D        | Found a shimmering blue altar of Sif Muna.
   815 | D        | Found an ancient bone altar of Kikubaaqudgha.
   877 | D        | Found a basalt altar of Yredelemnul.
   877 | D        | Found a shadowy altar of Dithmenos.
   877 | D        | Found a sacrificial altar of Ru.
   877 | D        | Noticed a necrophage
   883 | D        | Killed a necrophage
   884 | D        | Reached skill level 10 in Armour
   884 | D        | Reached XP level 7. HP: 34/50 MP: 7/7
  1037 | D        | Noticed a shadow
  1051 | D        | Killed a shadow
  1054 | D        | Reached skill level 1 in Stealth
  1270 | D        | Found a blossoming altar of Fedhas.
  1270 | D        | Found a stormy altar of Qazlal.
  1270 | D        | Found a snail-covered altar of Cheibriados.
  1270 | D        | Found a burning altar of Makhleb.
  1270 | D        | Found a shimmering altar of Xom.
  1271 | D        | Found a hazy altar of Hepliaklqana.
  1271 | D        | Found an opulent altar of Gozag.
  1271 | D        | Found a sparkling altar of Nemelex Xobeh.
  1271 | D        | Found a corrupted altar of Lugonu.
  1271 | D        | Found a viscous altar of Jiyva.
  1271 | D        | Noticed a spatial vortex
  1640 | D        | Found a glowing silver altar of Zin.
  1640 | D        | Found a glowing golden altar of the Shining One.
  1640 | D        | Found a white marble altar of Elyvilon.
  1641 | D        | Noticed a deep elf pyromancer
  1650 | D        | Killed a deep elf pyromancer
  1650 | D        | Reached * piety under Okawaru
  1650 | D        | Reached ** piety under Okawaru
  1651 | D        | Reached skill level 11 in Armour
  1651 | D        | Reached XP level 8. HP: 26/56 MP: 8/8
  1801 | D        | Reached skill level 12 in Armour
  2025 | D        | Reached skill level 10 in Maces & Flails
  2258 | D        | Noticed a two-headed ogre
  2272 | D        | Killed a two-headed ogre
  2272 | D        | Reached *** piety under Okawaru
  2273 | D        | Reached XP level 9. HP: 10/62 MP: 9/9
  2547 | D        | Noticed Erolcha
  2547 | D        | Noticed a two-headed ogre
  2555 | D        | Killed a two-headed ogre
  2556 | D        | Reached skill level 10 in Fighting
  2557 | D        | Slain by Erolcha

Illustrated notes

Levels and vault maps discovered:
D:        dungeon_sprint_mu [sprint_mu_entry_forest, sprint_mu_temple_rooms,
          sprint_mu_d1_spiders, sprint_mu_d2_genie, sprint_mu_d3_branching,
          sprint_mu_orc_legion, sprint_mu_elf_gauntlet, sprint_mu_hive_nellie,
          sprint_mu_lair_fedhas, sprint_mu_vaults_butterflies,
          sprint_mu_slime_circle, sprint_mu_shoals_archi,
          sprint_mu_snake_twists, sprint_mu_blade_basic, sprint_mu_crypt_lich,
          sprint_mu_tomb_spiral, sprint_mu_vestibule_basic,
          sprint_mu_gehenna_hellfire, sprint_mu_dis_giant,
          sprint_mu_tartarus_statrot, sprint_mu_cocytus_islands, sprint_mu_zot1]

Skill      XL: |  1  2  3  4  5  6  7  8  9 |
---------------+----------------------------+-----
Fighting       | 4 6 7 8 9 10 | 10.1
Armour         | 4 6 8 10 11 12 | 12.8
Shields        | 4 6 7 8 9 |  9.1
Maces & Flails | 4 5 7 9 10 11 | 11.1
Dodging        | 1 2 3 |  3.6
Stealth        | 1 2 |  2.5
Invocations    | 2 |  2.1

Action                   |  1- 3 |  4- 6 |  7- 9 || total
-------------------------+-------+-------+-------++-------
Melee: Flail             |    24 |    33 |    71 ||   128
       Headbutt          |     1 |     5 |    17 ||    23
       Kick              |       |     5 |    24 ||    29
  Use: Potion            |     5 |     2 |     2 ||     9
Armor: Scale mail        |     5 |    12 |     7 ||    24
Dodge: Dodged            |    12 |     9 |    33 ||    54
Block: Buckler           |     5 |     6 |    11 ||    22

Table legend: (Time is in decaauts)
 A = Elapsed time spent in this place.
 B = Non-inter-level travel time spent in this place.
 C = Inter-level travel time spent in this place.
 D = Time resting spent in this place.
 E = Time spent auto-exploring this place.
 F = Levels seen in this place.
 G = Mean time per level.
                   A        B        C        D        E       F      G
               +--------+--------+--------+--------+--------+-----+--------+
         Total |   2569 |   2569 |      0 |   2141 |      1 |   1 | 2569.0 |
       Dungeon |   2569 |   2569 |      0 |   2141 |      1 |   1 | 2569.0 |
               +--------+--------+--------+--------+--------+-----+--------+

Top non-repeatable levels by time:
       D: 2569 daAuts
